 Dungeon Crawl Stone Soup version 0.29.1-12-g30fa7ad0bf (webtiles) character file.

Game seed: 4611949577435297594

43831 mortz the Warrior (level 14, 0/100 HPs)
             Began as a Gargoyle Abyssal Knight on Dec 29, 2022.
             Was the Champion of Lugonu.
             Slain by Snorg (17 damage)
             ... on level 11 of the Dungeon on Dec 30, 2022.
             The game lasted 02:03:23 (16202 turns).

mortz the Warrior (Gargoyle Abyssal Knight)        Turns: 16202, Time: 02:03:24

Health: 0/100      AC: 40    Str: 20    XL:     14   Next: 26%
Magic:  23/23      EV: 11    Int: 13    God:    Lugonu [******]
Gold:   1267       SH:  0    Dex: 12    Spells: 13/13 levels left

rFire   . . .      SeeInvis +   b - +5 falchion of Honour {protect, Will+ Int+2 Stlth+}
rCold   . . .      Faith    .   (no shield)
rNeg    + + .      Spirit   .   B - +3 troll leather armour
rPois   ∞          Reflect  .   O - +2 helmet
rElec   +          Harm     .   L - +2 cloak
rCorr   .          Rampage  .   i - +2 pair of gloves
Will    +++..                   E - +2 pair of boots
Stlth   ++........              M - amulet of regeneration
HPRegen 1.86/turn               R - ring of see invisible
MPRegen 0.18/turn               x - ring of Butchery {rN+ Will+}

@: mighty, under a protective aura, flying
A: sickness immunity, AC +10, big wings, negative energy resistance 1,
electricity resistance, torment resistance 1, petrification resistance
a: Renounce Religion, Depart the Abyss, Bend Space, Banish, Corrupt, Enter the
Abyss, Brand Weapon With Distortion


You were on level 11 of the Dungeon.
You worshipped Lugonu.
Lugonu was exalted by your worship.
You visited 2 branches of the dungeon, and saw 16 of its levels.
You visited the Abyss 1 time.
You also visited: Ossuary and Gauntlet.

You collected 1332 gold pieces.
You spent 65 gold pieces at shops.

Inventory:

Hand Weapons
 a - the +10 arbalest of Pulod {elec, rC+ Str+2}
   (You found it in a Gauntlet)

   Any ammunition fired from it occasionally discharges a powerful burst of
   electricity upon striking a foe.
   Str:       It affects your strength (+2).
   rC:        It protects you from cold.
 b - the +5 falchion of Honour (weapon) {protect, Will+ Int+2 Stlth+}
   (You found it on level 4 of the Dungeon)

   It grants its wielder temporary protection when it strikes (+7 to AC).
   Int:       It affects your intelligence (+2).
   Will:      It increases your willpower.
   Stlth:     It makes you more stealthy.
 A - a +0 morningstar
 I - a +2 flail of protection
 P - a +2 broad axe of draining
 T - a +2 antimagic demon trident
 V - a +0 mace of distortion
Missiles
 k - 10 silver javelins
 N - 6 javelins
Armour
 i - a +2 pair of gloves (worn)
 z - a +1 ring mail of cold resistance
 B - a +3 troll leather armour (worn)
 E - a +2 pair of boots (worn)
 L - a +2 cloak (worn)
 O - a +2 helmet (worn)
 X - a +0 plate armour
Magical Staves
 o - a staff of cold
Jewellery
 g - an amulet of reflection
 x - the ring of Butchery (right hand) {rN+ Will+}
   (You found it in a Gauntlet)

   [ring of positive energy]

   rN:        It protects you from negative energy.
   Will:      It increases your willpower.
 D - a +4 ring of evasion
 J - a ring of fire
 K - the ring "Beacrut" {Fly Will+}
   (You found it on level 2 of the Lair of Beasts)

   [ring of willpower]

   Fly:       It grants you flight.
   Will:      It increases your willpower.
 M - an amulet of regeneration (around neck)
 R - a ring of see invisible (left hand)
Wands
 l - a wand of polymorph (8)
 n - a wand of light (4)
 t - a wand of paralysis (7)
 y - a wand of roots (18)
 S - a wand of flame (19)
 Y - a wand of digging (3)
 Z - a wand of mindburst (10)
Scrolls
 c - 4 scrolls of teleportation
 u - 8 scrolls of identify
 v - 3 scrolls of immolation
 F - 2 scrolls of amnesia
 G - 4 scrolls of poison
 Q - 3 scrolls of enchant weapon
Potions
 d - 2 potions of cancellation
 e - 2 potions of brilliance
 f - a potion of resistance
 h - 6 potions of ambrosia
 p - 4 potions of might
 q - 6 potions of lignification
 r - 3 potions of invisibility
 s - a potion of heal wounds
 w - 3 potions of haste
 H - 7 potions of curing
 U - a potion of berserk rage
 W - 2 potions of mutation


   Skills:
 * Level 16.9 Fighting
 - Level 7.2 Long Blades
 - Level 3.7 Axes
 * Level 8.5 Ranged Weapons
 + Level 10.5 Armour
 - Level 0.9 Dodging
 - Level 12.7 Invocations


You had 13 spell levels left.
You didn't know any spells.
Your spell library contained the following spells:

 Spells                   Type           Power      Damage    Failure   Level
 Foxfire                  Conj/Fire      0%         2x1d4     34%         1
 Freeze                   Ice            0%         1d3       34%         1
 Blink                    Tloc           0%         N/A       45%         2
 Ensorcelled Hibernation  Hex/Ice        0%         N/A       45%         2
 Passwall                 Tmut/Erth      0%         N/A       45%         2
 Conjure Flame            Conj/Fire      0%         6-21      71%         3
 Frozen Ramparts          Ice            0%         1d1       71%         3
 Ignite Poison            Fire/Tmut/Pois 0%         N/A       71%         3
 Inner Flame              Hex/Fire       0%         N/A       71%         3
 Lesser Beckoning         Tloc           0%         N/A       71%         3
 Ozocubu's Armour         Ice            0%         N/A       71%         3
 Portal Projectile        Hex/Tloc       0%         N/A       71%         3
 Summon Guardian Golem    Hex/Summ       0%         N/A       71%         3
 Swiftness                Air            0%         N/A       71%         3
 Tukima's Dance           Hex            0%         N/A       71%         3
 Animate Armour           Summ/Erth      0%         N/A       98%         4
 Animate Dead             Necr           0%         N/A       98%         4
 Flame Wave               Conj/Fire      0%         2d4       98%         4
 Hailstorm                Conj/Ice       0%         3d3       98%         4
 Sticky Flame             Conj/Fire      0%         2d3       98%         4
 Blade Hands              Tmut           0%         N/A       100%        5
 Borgnjor's Vile Clutch   Necr/Erth      0%         N/A       100%        5
 Manifold Assault         Tloc           0%         N/A       100%        5
 Metabolic Englaciation   Hex/Ice        0%         N/A       100%        5
 Death Channel            Necr           0%         N/A       100%        6
 Iron Shot                Conj/Erth      0%         9d1       100%        6
 Simulacrum               Ice/Necr       0%         N/A       100%        6
 Orb of Destruction       Conj           0%         9d5       100%        7
 Spellforged Servitor     Conj/Summ      0%         N/A       100%        7


Dungeon Overview and Level Annotations

Branches:
Dungeon (11/15) Zot: 26466  Temple (0/1) D:7            Lair (5/5) D:9 Zot: 24204
 Shoals (0/4) Lair:3       Spider (0/4) Lair:3        Slime (0/5) Lair:4
    Orc (0/2) D:10        Ossuary (visited)         Gauntlet (visited)

Altars:
Ashenzari
Gozag
Kikubaaqudgha
Makhleb
Nemelex Xobeh
Okawaru
Trog
Wu Jian
Jiyva

Shops:
D:2 *   D:5 :**(   D:11 =

Portals:
Hell: Lair:5

Annotations:
D:11 Snorg
Lair:3 1 runed translucent door, ctx's ghost, journeyman GnFi
Lair:4 1 runed translucent door


Innate Abilities, Weirdness & Mutations

You are immune to sickness and miasma.
Your stone body is resilient. (AC +10)
You are immune to poison.
Your large and strong wings let you fly.
You resist negative energy. (rN+)
You are resistant to electric shocks. (rElec)
You are resistant to unholy torment.
You are immune to petrification.


Message History

Your weapon exudes an aura of protection.
Snorg is heavily wounded.
Snorg completely misses you. Snorg claws you.
You hit Snorg.
Snorg is heavily wounded.
Snorg bites you. Snorg claws you. Snorg barely misses you.
You slash Snorg!
Snorg is severely wounded.
Snorg barely misses you. Snorg misses you. Snorg bites you. Snorg claws you!
Snorg claws you.
You barely miss Snorg.
Snorg is severely wounded.
Snorg closely misses you.
You hit Snorg.
Snorg is severely wounded.
Snorg bites you! Snorg barely misses you. Snorg claws you.
Snorg closely misses you.
You slash Snorg!
Snorg is severely wounded.
Snorg claws you!
You hit Snorg.
Snorg is severely wounded.
Snorg bites you! Snorg claws you!
* * * LOW HITPOINT WARNING * * *
You feel very mighty all of a sudden. Snorg bites you.
* * * LOW HITPOINT WARNING * * *
Snorg barely misses you. Snorg bites you!
* * * LOW HITPOINT WARNING * * *
Snorg barely misses you.
You slash Snorg!
Snorg is severely wounded.
Snorg closely misses you. Snorg barely misses you. x2
You slash Snorg!
Snorg is almost dead.
Snorg barely misses you. Snorg closely misses you. Snorg barely misses you.
You slash Snorg!
Snorg is almost dead.
Snorg bites you!
You die...

###############
#...<..........
##..[...@T......
#...............
#...(#####.#....
#....#####[#...#
#....##..... #
#..........#...
##...##.##.#.#.
#.............
#...........#


You could see Snorg (berserk).

Vanquished Creatures
  A minotaur (Gauntlet)
  6 hydras
  2 centaur warriors
  A catoblepas (Lair:4)
  2 two-headed ogres (D:9)
  Urug (Lair:2)
  A sun demon (Lair:5)
  Amaemon (Lair:1)
  A fire crab (Lair:5)
  A death drake (shapeshifter) (Gauntlet)
  Pikel (D:7)
  A wizard (Lair:5)
  An ugly thing (D:9)
  A cyclops (D:9)
  3 elephants (Lair:5)
  A black mamba (Lair:1)
  A smoke demon (Lair:5)
  13 cane toads
  An orange demon (Lair:2)
  8 komodo dragons
  5 ice devils (Lair:5)
  A torpor snail (Lair:4)
  6 rime drakes
  A red devil (Lair:5)
  5 polar bears
  A troll (D:10)
  2 hornets
  A queen bee (Lair:2)
  12 dream sheep
  3 slime creatures (Gauntlet)
  12 blink frogs
  A snapping turtle (Lair:3)
  A jumping spider (Lair:3)
  3 shadows
  A spriggan (Lair:2)
  A wraith (D:11)
  A golden eye (shapeshifter) (Gauntlet)
  34 yaks
  2 wyverns
  A basilisk (Lair:4)
  2 steam dragons
  A vampire mosquito (D:10)
  A swamp worm (shapeshifter) (Gauntlet)
  An acid dragon (D:9)
  3 hell hounds (Lair:5)
  15 water moccasins
  Duvessa (D:6)
  6 orc warriors
  2 sky beasts
  4 black bears
  3 ice beasts
  An ogre (D:7)
  2 lemures (D:7)
  5 wolves (Lair:4)
  A centaur (D:8)
  3 kobold brigands
  A phantom (D:5)
  An elf zombie (Ossuary)
  A gnoll sergeant (D:9)
  2 scorpions (D:5)
  4 bullfrogs
  8 wights
  Dowan (D:6)
  23 killer bees
  A howler monkey (D:10)
  5 jellies
  2 centaur zombies (Ossuary)
  2 human zombies (Ossuary)
  2 hounds
  A gnoll bouda (D:8)
  8 orc priests
  Ijyb (D:4)
  4 iguanas
  6 orc wizards
  3 mummies
  7 gnolls
  6 adders
  A white imp (D:6)
  An ufetubus (D:6)
  An adder zombie (Ossuary)
  2 worms
  2 dart slugs (D:1)
  27 orcs
  5 bats
  7 endoplasms
  2 giant cockroaches
  3 goblins
  8 hobgoblins
  2 jackals (D:4)
  3 quokkas
  10 ball pythons
  3 frilled lizards (D:1)
  A goblin zombie (Ossuary)
  12 hobgoblin zombies
  2 jackal zombies (Ossuary)
  20 kobolds
  8 kobold zombies
  10 orc zombies (Ossuary)
  6 rats
418 creatures vanquished.

Vanquished Creatures (others)
  9 fungi
  22 plants
31 creatures vanquished.

Grand Total: 449 creatures vanquished

Notes
Turn   | Place    | Note
-------+----------+-------------------------------------------
     0 | Abyss:1  | mortz the Gargoyle Abyssal Knight began the quest for the
                  | Orb.
     0 | Abyss:1  | Reached XP level 1. HP: 14/14 MP: 2/2
     1 | D:1      | Escaped the Abyss
   157 | D:1      | Reached XP level 2. HP: 16/19 MP: 3/3
   446 | D:1      | Reached XP level 3. HP: 23/23 MP: 4/4
   477 | D:1      | Found a faded altar of an unknown god.
  1019 | D:2      | Reached *** piety under Lugonu
  1293 | D:2      | Reached XP level 4. HP: 21/29 MP: 6/6
  1400 | D:2      | Identified the +4 ring mail of Fedhas, Gnashing {*Corrode
                  | Str+3 Dex+8 SInv}
  1702 | D:2      | Found Dyona's Assorted Antiques.
  1710 | D:2      | Bought a bubbling cyan potion for 18 gold pieces
  1710 | D:2      | Bought a scroll labelled CEAPNO WEAX for 21 gold pieces
  1916 | D:3      | Reached skill level 4 in Fighting
  2804 | D:4      | Noticed Ijyb
  2822 | D:4      | Killed Ijyb
  2823 | D:4      | Reached XP level 5. HP: 10/33 MP: 7/7
  3093 | D:4      | Identified the +1 long sword of Fundamental Breach {pain,
                  | Str+2}
  3270 | D:4      | Found an iron altar of Okawaru.
  3278 | D:4      | Identified the +5 falchion of Honour {protect, Will+ Int+2
                  | Stlth+}
  3479 | D:5      | Entered Level 5 of the Dungeon
  3616 | D:5      | Noticed a black bear
  3629 | D:5      | Killed a black bear
  3630 | D:5      | Reached XP level 6. HP: 40/40 MP: 7/9
  3712 | D:5      | Found Kerghenor's Weapon Shop.
  3736 | D:5      | Reached skill level 5 in Fighting
  3750 | D:5      | Found Veakikh's General Store.
  3783 | D:5      | Bought a scroll of identify for 26 gold pieces
  3828 | D:5      | Noticed an ice beast
  3838 | D:5      | Reached XP level 7. HP: 42/44 MP: 10/10
  3846 | D:5      | Reached skill level 5 in Invocations
  3864 | D:5      | Reached skill level 6 in Fighting
  4064 | D:5      | Found Zien's Assorted Antiques.
  4137 | D:5      | Found Saiciol's Book Boutique.
  4309 | D:5      | Reached XP level 8. HP: 52/52 MP: 12/12
  4399 | D:6      | Reached skill level 7 in Fighting
  4427 | D:6      | Noticed Duvessa
  4460 | D:6      | Killed Duvessa
  4483 | D:6      | Noticed Dowan
  4512 | D:6      | Killed Dowan
  4512 | D:6      | Reached **** piety under Lugonu
  4646 | D:6      | Found a sparkling altar of Nemelex Xobeh.
  4656 | D:6      | Reached skill level 8 in Fighting
  5073 | D:7      | Found a staircase to the Ecumenical Temple.
  5083 | D:7      | Reached XP level 9. HP: 60/60 MP: 15/15
  5096 | D:7      | Reached skill level 9 in Fighting
  5149 | D:7      | Found a sand-covered staircase.
  5157 | Ossuary  | Entered an ossuary
  5486 | Ossuary  | Reached ***** piety under Lugonu
  5657 | D:7      | Noticed Pikel
  5670 | D:7      | Paralysed by Pikel for 4 turns
  5818 | D:7      | Killed Pikel
  5819 | D:7      | Reached skill level 10 in Fighting
  5819 | D:7      | Reached skill level 1 in Long Blades
  6258 | D:8      | Reached XP level 10. HP: 68/68 MP: 17/17
  6402 | D:8      | Found a burning altar of Makhleb.
  6402 | D:8      | Found an ornate altar of the Wu Jian Council.
  7023 | D:9      | Reached skill level 10 in Invocations
  7026 | D:9      | Reached skill level 11 in Fighting
  7177 | D:9      | Noticed a cyclops
  7196 | D:9      | Killed a cyclops
  7281 | D:9      | Found a broken altar of Ashenzari.
  7281 | D:9      | Found an ancient bone altar of Kikubaaqudgha.
  7282 | D:9      | Found an opulent altar of Gozag.
  7312 | D:9      | Noticed a two-headed ogre
  7313 | D:9      | Noticed a two-headed ogre
  7332 | D:9      | Killed a two-headed ogre
  7333 | D:9      | Reached skill level 5 in Armour
  7337 | D:9      | Killed a two-headed ogre
  7373 | D:9      | Noticed a centaur warrior
  7378 | D:9      | Noticed a brown ugly thing
  7411 | D:9      | Killed a brown ugly thing
  7412 | D:9      | Reached skill level 12 in Fighting
  7468 | D:9      | Found a staircase to the Lair.
  7478 | D:9      | Killed a centaur warrior
  7479 | D:9      | Reached XP level 11. HP: 56/76 MP: 17/19
  7922 | D:10     | Entered Level 10 of the Dungeon
  8149 | D:10     | Reached skill level 5 in Long Blades
  8304 | D:10     | Reached skill level 13 in Fighting
  8531 | D:10     | Found a bloodstained altar of Trog.
  8669 | D:10     | Reached ****** piety under Lugonu
  8743 | D:10     | Found a staircase to the Orcish Mines.
  9569 | Lair:1   | Entered Level 1 of the Lair of Beasts
  9706 | Lair:1   | Reached skill level 1 in Ranged Weapons
 10014 | Lair:1   | Reached XP level 12. HP: 56/84 MP: 20/20
 10101 | Lair:1   | Noticed an eight-headed hydra
 10110 | Lair:1   | Killed an eight-headed hydra
 10341 | Lair:1   | Reached skill level 14 in Fighting
 10502 | Lair:1   | Identified a scroll of acquirement
 10502 | Lair:1   | Acquired a +2 broad axe of draining
 10612 | Lair:2   | Noticed Urug
 10613 | Lair:2   | Paralysed by Urug for 5 turns
 10627 | Lair:2   | Killed Urug
 10695 | Lair:2   | Identified the ring "Beacrut" {Fly Will+}
 10828 | Lair:2   | Noticed Amaemon
 10881 | Lair:1   | Killed Amaemon
 11309 | Lair:2   | Noticed a seven-headed hydra
 11328 | Lair:2   | Killed a seven-headed hydra
 11821 | Lair:3   | Found a hole to the Spider Nest.
 11975 | Lair:3   | Found a runed translucent door.
 11976 | Lair:3   | Noticed ctx's ghost (journeyman GnFi)
 12299 | Lair:3   | Found a staircase to the Shoals.
 12323 | Lair:3   | Reached skill level 15 in Fighting
 12469 | Lair:4   | Noticed an azure jelly
 12469 | Lair:4   | Noticed an azure jelly
 12469 | Lair:4   | Found a runed translucent door.
 12469 | Lair:4   | Found a viscous altar of Jiyva.
 12521 | Lair:4   | Reached XP level 13. HP: 83/92 MP: 22/22
 12735 | Lair:4   | Found a gate leading to a gauntlet.
 12744 | Gauntlet | Entered a Gauntlet
 12744 | Gauntlet | Found a transporter.
 12744 | Gauntlet | Found a transporter.
 12756 | Gauntlet | Found a transporter.
 12759 | Gauntlet | Found a transporter.
 12767 | Gauntlet | Found a transporter.
 12770 | Gauntlet | Found a transporter.
 12775 | Gauntlet | Found a runed translucent door.
 12776 | Gauntlet | Found a runed translucent door.
 12778 | Gauntlet | Found a transporter.
 12798 | Gauntlet | Found a transporter.
 12800 | Gauntlet | Found the ring of the Mage {Wiz Archmagi}
 12818 | Gauntlet | Found a transporter.
 12819 | Gauntlet | Found a transporter.
 12830 | Gauntlet | Found a transporter.
 12832 | Gauntlet | Found a transporter.
 13093 | Gauntlet | Identified the ring of Butchery {rN+ Will+}
 13190 | Gauntlet | Noticed a minotaur
 13217 | Gauntlet | Killed a minotaur
 13218 | Gauntlet | Reached skill level 5 in Ranged Weapons
 13285 | Gauntlet | Identified the +10 arbalest of Pulod {elec, rC+ Str+2}
 13885 | Lair:4   | Noticed an azure jelly
 13889 | Lair:4   | Found a staircase to the Slime Pits.
 14073 | Lair:5   | Entered Level 5 of the Lair of Beasts
 14293 | Lair:5   | Reached skill level 16 in Fighting
 14600 | Lair:5   | Reached skill level 10 in Armour
 15067 | Lair:5   | Gained mutation: Your large and strong wings let you fly.
                  | [Gargoyle growth]
 15067 | Lair:5   | Reached XP level 14. HP: 95/100 MP: 23/23
 15133 | Lair:5   | Found a burning altar of Makhleb.
 15156 | Lair:5   | HP: 3/100 [sun demon (11)]
 15455 | Lair:5   | Found a gateway to Hell.
 15874 | D:11     | Found Sev Koh's Jewellery Shop.
 15923 | D:11     | HP: 5/100 [centaur warrior/arrow (10)]
 16185 | D:11     | Noticed Snorg
 16202 | D:11     | Slain by Snorg

Illustrated notes

Levels and vault maps discovered:
D:1:      co_arrival_square_in_a_square_in_a_square, layout_basic,
          nicolae_ecumenical_lake_church, st_stairs_6, dk_noncrumbling_4
D:2:      layout_basic, serial_shops, nicolae_shop_overgrown_old_shop,
          minivault_26, minmay_splitting_lines
D:3:      layout_loops_ring, serial_bayou_ford_a
D:4:      layout_basic, okawaru_ov_weapons_minmay, uniq_ijyb
D:5:      layout_basic, serial_shops, nicolae_diamond_shop, shop,
          nicolae_square_shop, shop, minmay_mini_ossuary
D:6:      layout_rooms, mainiacjoe_overflow_alcove_2, kennysheep_small_circle,
          uniq_duvessa
D:7:      layout_cave_pools, minmay_temple_entry_drinking_statues,
          nicolae_ossuary_entry_plus, uniq_pikel
D:8:      layout_gridville, gammafunk_temple_overflow_statue
D:9:      layout_roguey, gammafunk_temple_overflow_claw, minmay_bent
D:10:     layout_gridville, kennysheep_little_box, david_orc_4, special_room
          [special_room_orc]
D:11:     layout_loops_ring, serial_shops, nicolae_shop_window_shopping,
          st_stairs_9, uniq_snorg
Lair:1:   layout_roguey, serial_forest, infiniplex_forest_clump_double,
          infiniplex_forest_end_1, infiniplex_forest_lined_1,
          infiniplex_forest_clump_medium, infiniplex_staircase_pool,
          grunt_megastairs_2, serial_bayou_shore_a, lemuel_fruit_tree
Lair:2:   layout_gridlike, special_room [special_room_bee],
          grunt_forest_large_clearing_hut, uniq_urug, uniq_amaemon
Lair:3:   layout_regular_city, minmay_shoals_entry_hut,
          spider_nest_entry_rubble, ebering_ghost_inner_flame
Lair:4:   layout_regular_city, slime_entry_2, gauntlet_entry_generic
Lair:5:   evil_forest, layout_misc_corridors, grunt_megastairs_3

Skill      XL: |  1  2  3  4  5  6  7  8  9 10 11 12 13 14 |
---------------+-------------------------------------------+-----
Axes           | 2 3 |  3.7
Fighting       | 4 5 6 8 10 12 13 15 16 | 16.9
Invocations    | 3 4 6 8 9 10 11 12 | 12.7
Long Blades    | 2 4 5 6 7 |  7.2
Armour         | 3 5 7 8 10 | 10.5
Ranged Weapons | 1 4 7 8 |  8.5
Dodging        | |  0.9

Action                   |  1- 3 |  4- 6 |  7- 9 | 10-12 | 13-15 || total
-------------------------+-------+-------+-------+-------+-------++-------
Melee: Hand axe          |   103 |    74 |       |       |       ||   177
       Falchion          |       |    39 |   400 |   679 |   136 ||  1254
       Punch             |       |     2 |     2 |    12 |     3 ||    19
       Flail             |       |       |       |    38 |       ||    38
       Broad axe         |       |       |       |       |    12 ||    12
       Mace              |       |       |       |       |     5 ||     5
 Fire: Shortbow          |       |       |    26 |    66 |       ||    92
       Arbalest          |       |       |       |   153 |   286 ||   439
Throw: Stone             |     2 |     1 |       |       |       ||     3
       Boomerang         |       |     6 |    37 |    29 |       ||    72
  Use: Scroll            |     2 |     4 |    15 |    14 |     8 ||    43
       Potion            |       |       |       |       |     4 ||     4
 Stab: Sleeping          |       |     1 |     3 |       |       ||     4
Armor: Leather armour    |    13 |       |       |       |       ||    13
       Ring mail         |    45 |    70 |   273 |   681 |   395 ||  1464
       Troll leather arm |       |       |       |       |    16 ||    16
Dodge: Dodged            |    50 |    75 |   475 |   908 |   310 ||  1818
